 Dungeon Crawl Stone Soup version 0.22.1-2-g9c5b331 (webtiles) character file.

31535 Matador8 the Spear-Bearer (level 13, -5/101 HPs)
             Began as a Merfolk Skald on Dec 17, 2018.
             Was an Elder of Uskayaw.
             Slain by a hellwing (13 damage)
             ... summoned by an orc sorcerer
             ... while paralysed by an orc sorcerer
             ... on level 2 of the Orcish Mines on Dec 18, 2018.
             The game lasted 02:18:15 (20046 turns).

Matador8 the Spear-Bearer (Merfolk Skald)          Turns: 20046, Time: 02:18:16

Health: -5/101     AC: 18    Str: 18    XL:     13   Next: 58%
Magic:  21/21      EV:  2    Int: 12    God:    Uskayaw [****..]
Gold:   1623       SH:  0    Dex: 13    Spells: 9/20 levels left

rFire    + . .     SeeInvis .   a - +4 trident (freeze)
rCold    + . .     Gourm    .   (no shield)
rNeg     + . .     Faith    .   y - +6 ring mail "Bazeapt" {rN+ Dex-2 Stlth+}
rPois    .         Spirit   .   n - +2 helmet
rElec    .         Reflect  .   C - +0 cloak
rCorr    .         Harm     .   P - +0 pair of gloves {Str+3}
MR       .....                  z - +0 pair of boots
Stlth    ++........             K - amulet of rage
HPRegen  0.26/turn              I - ring of protection from cold
MPRegen  0.17/turn              N - ring of protection from fire

@: paralysed, drained
A: change form in water, swift swim, stealthy swim
a: Stomp, Line Pass, Renounce Religion, Evoke Berserk Rage


You were on level 2 of the Orcish Mines.
You worshipped Uskayaw.
Uskayaw was aware of your devotion.
You were not hungry.

You visited 3 branches of the dungeon, and saw 18 of its levels.

You collected 1623 gold pieces.

Inventory:

Hand Weapons
 a - a +4 trident of freezing (weapon)
 q - a +5 dagger
 x - a +1 rapier of holy wrath
Missiles
 e - 102 poisoned needles (quivered)
Armour
 n - a +2 helmet (worn)
 y - the +6 ring mail "Bazeapt" (worn) {rN+ Dex-2 Stlth+}
   (You found it on level 4 of the Dungeon)

   It affects your dexterity (-2).
   It protects you from negative energy.
   It makes you more stealthy.
 z - a +0 pair of boots (worn)
 C - a +0 cloak (worn)
 O - a +0 ring mail of magic resistance
 P - a +0 pair of gloves of strength (worn)
Jewellery
 E - an uncursed amulet of magic regeneration
 F - an uncursed ring of resist corrosion
 I - a ring of protection from cold (left hand)
 K - an amulet of rage (around neck)
 N - a ring of protection from fire (right hand)
Wands
 b - a wand of flame (23)
 j - a wand of acid (23)
 L - a wand of paralysis (18)
 U - a wand of iceblast (7)
Scrolls
 f - 5 scrolls of remove curse
 i - 2 scrolls of teleportation
 m - 2 scrolls of fog {unknown}
 s - 3 scrolls of fear {unknown}
 B - a scroll of immolation {unknown}
 G - a scroll of brand weapon {unknown}
 T - a scroll of summoning {unknown}
 W - a scroll of random uselessness {unknown}
 Y - a scroll of noise {unknown}
Potions
 c - a potion of experience {unknown}
 h - 2 potions of might {unknown}
 l - 3 potions of heal wounds
 o - 2 potions of flight
 v - 3 potions of haste
 w - 3 potions of resistance
 A - 2 potions of mutation {unknown}
 D - 6 potions of curing
 H - 2 potions of brilliance
 M - 2 potions of magic {unknown}
 Q - 3 potions of ambrosia
 S - a potion of agility {unknown}
 V - a potion of lignification {unknown}
 Z - 2 potions of berserk rage {unknown}
Miscellaneous
 R - a lightning rod (4/4)
Comestibles
 d - 29 rations


   Skills:
 - Level 9.1(8.5) Fighting
 - Level 10.0(9.4) Short Blades
 - Level 14.4(13.7) Polearms
 + Level 4.1(3.5) Armour
 + Level 11.4(10.7) Dodging
 - Level 4.0(3.4) Spellcasting
 - Level 8.1(7.4) Charms
 + Level 11.9(11.2) Invocations


You had 9 spell levels left.
You knew the following spells:

 Your Spells              Type           Power        Failure   Level  Hunger
a - Infusion              Chrm           ###.         1%          1    #......
b - Shroud of Golubria    Chrm/Tloc      ##........   13%         2    ##.....
c - Spectral Weapon       Hex/Chrm       ##......     26%         3    ###....
d - Song of Slaying       Chrm           ###.....     2%          2    ##.....
e - Regeneration          Chrm/Necr      ##........   26%         3    ###....

Your spell library contained the following spells:

 Spells                   Type           Power        Failure   Level  Hunger
 Ozocubu's Armour         Chrm/Ice       ##......     26%         3    ###....
 Apportation              Tloc           #.....       38%         1    #......
 Flame Tongue             Conj/Fire      #....        38%         1    #......
 Freeze                   Ice            #...         38%         1    #......
 Summon Butterflies       Summ           #.......     38%         1    #......
 Summon Small Mammal      Summ           #...         38%         1    #......
 Call Imp                 Summ           #.......     52%         2    ##.....
 Throw Flame              Conj/Fire      #.....       52%         2    ##.....
 Throw Frost              Conj/Ice       #.....       52%         2    ##.....
 Call Canine Familiar     Summ           #.......     77%         3    ###....
 Conjure Flame            Conj/Fire      #.......     77%         3    ###....
 Inner Flame              Hex/Fire       #.......     77%         3    ###....
 Lesser Beckoning         Tloc           #.........   77%         3    ###....
 Summon Guardian Golem    Hex/Summ       #.......     77%         3    ###....
 Tukima's Dance           Hex            #.......     77%         3    ###....
 Sticky Flame             Conj/Fire      #.......     99%         4    #####..
 Summon Ice Beast         Ice/Summ       #.......     99%         4    #####..
 Summon Lightning Spire   Summ/Air       #.......     99%         4    #####..
 Throw Icicle             Conj/Ice       #.......     99%         4    #####..
 Alistair's Intoxication  Tmut/Pois      #.......     100%        5    ######.
 Fireball                 Conj/Fire      #.........   100%        5    ######.
 Invisibility             Hex            #.......     100%        6    #######


Dungeon Overview and Level Annotations

Branches:
Dungeon (12/15)            Temple (0/1) D:6            Lair (4/6) D:11
 Shoals (0/4) Lair:3        Snake (0/4) Lair:4          Orc (2/2) D:10
    Elf (0/3) Orc:2

Altars:
Ashenzari
Fedhas
Hepliaklqana
Kikubaaqudgha
Makhleb
Nemelex Xobeh
Ru
Trog
Uskayaw
Vehumet
Wu Jian
Xom
Yredelemnul
Beogh

Shops:
D:4 [   D:8 [   D:10 (


Message History

The bolt of negative energy hits the hellwing.
The hellwing completely resists.
Something hits you but does no damage.
The hellwing hits you but does no damage. x2
The orc hits you with a flail.
The orc sorcerer hits you but does no damage. x2
Something hits you but does no damage. The chaos spawn hits you.
The hellwing hits you!
* * * LOW HITPOINT WARNING * * *
The hellwing hits you but does no damage.
The orc hits you but does no damage.
The orc sorcerer gestures wildly while chanting.
Something hits you but does no damage.
The orc sorcerer hits you with a dagger.
* * * LOW HITPOINT WARNING * * *
The chaos spawn gores you!
* * * LOW HITPOINT WARNING * * *
The chaos spawn shocks you.
* * * LOW HITPOINT WARNING * * *
The hellwing hits you!
You die...

. .≈###############
.≈≈≈≈≈≈≈3≈§§§§§≈≈
...........§§.§..
...§..oo4.......
#..3{@o8......
#≈..#)4)..#.. #≈.
#§...§# #≈ #≈.).≈# #
##§...§## ## #
#≈≈..§§§# #§###
###≈≈...≈≈## ###§≈≈≈
##§≈≈≈...§§§≈###≈≈≈≈≈.
≈§≈##≈...§##≈≈≈≈§§≈≈..


You could see a sun demon, a hellwing, a neqoxec, a chaos spawn, 2 orc sorcerers
and an orc.

Vanquished Creatures
  Azrael (Orc:2)
  3 hydras
  2 two-headed ogres
  5 orc knights
  Pikel (D:9)
  A deep elf mage (D:12)
  3 ugly things (D:11)
  A black mamba (Lair:1)
  A torpor snail (Lair:4)
  8 spiny frogs
  3 komodo dragons
  6 trolls
  A merfolk (D:10)
  A hornet (D:12)
  5 blink frogs (Lair:3)
  3 hippogriffs
  A wraith (D:9)
  4 fire elementals
  4 wyverns
  25 yaks
  A basilisk (Lair:1)
  A naga (Lair:4)
  Edmund (D:5)
  3 wargs
  4 water moccasins
  11 porcupines
  2 hell hounds (Orc:1)
  20 orc warriors
  3 slaves (D:9)
  A black bear (Lair:1)
  An ice beast (D:7)
  2 necrophages
  3 sky beasts
  9 ogres
  2 phantoms
  7 centaurs
  8 crocodiles
  16 bullfrogs
  A big kobold (D:9)
  A wyvern zombie (D:7)
  A gnoll sergeant (D:4)
  A scorpion (D:5)
  11 wights
  3 electric eels
  10 crimson imps
  3 quasits
  2 jellies
  8 hounds
  2 bullfrog skeletons (D:10)
  A centaur skeleton (D:5)
  A gnoll shaman (Orc:2)
  18 orc wizards
  15 orc priests
  Crazy Yiuf (D:5)
  2 iguanas
  5 worker ants
  A killer bee zombie (D:10)
  A hound zombie (D:5)
  3 worker ant zombies
  16 gnolls
  A howler monkey skeleton (D:5)
  10 adders
  3 shadow imps
  12 white imps (D:12)
  An ooze (D:6)
  An adder skeleton (D:7)
  6 worms
  2 dart slugs
  4 leopard geckos
  50 orcs
  4 bats
  2 giant cockroaches
  2 goblins (D:1)
  5 hobgoblins
  5 jackals
  2 quokkas
  2 ball pythons (D:1)
  2 frilled lizards
  5 kobolds
  A leopard gecko skeleton (D:6)
  2 quokka skeletons
  6 rats
409 creatures vanquished.

Vanquished Creatures (others)
  An orc wizard (Orc:2)
  An adder (D:9)
  An orc (Orc:1)
  A kobold (D:9)
  4 spectral weapons
8 creatures vanquished.

Grand Total: 417 creatures vanquished

Notes
Turn   | Place    | Note
-------+----------+-------------------------------------------
     0 | D:1      | Matador8 the Merfolk Skald began the quest for the Orb.
     0 | D:1      | Reached XP level 1. HP: 16/16 MP: 3/3
   116 | D:1      | Reached XP level 2. HP: 2/22 MP: 0/5
   400 | D:1      | Learned a level 2 spell: Shroud of Golubria
   546 | D:1      | Reached skill level 4 in Polearms
   704 | D:1      | Reached XP level 3. HP: 21/27 MP: 2/6
  1132 | D:2      | Found a sacrificial altar of Ru.
  1221 | D:2      | Reached XP level 4. HP: 11/33 MP: 1/7
  1548 | D:2      | Reached skill level 5 in Polearms
  1668 | D:3      | Learned a level 3 spell: Spectral Weapon
  2435 | D:3      | Found a shimmering altar of Xom.
  2490 | D:3      | Reached XP level 5. HP: 31/38 MP: 1/9
  2568 | D:3      | Reached skill level 6 in Polearms
  2919 | D:3      | HP: 1/38 [worker ant (1)]
  2923 | D:3      | Reached XP level 6. HP: 5/44 MP: 2/10
  3294 | D:4      | Found a bloodstained altar of Trog.
  3382 | D:4      | Got an ichor-stained ring mail
  3455 | D:4      | Identified the +6 ring mail "Bazeapt" {rN+ Dex-2 Stlth+}
                  | (You found it on level 4 of the Dungeon)
  3527 | D:3      | Reached skill level 7 in Polearms
  3798 | D:4      | Found Nunk's Antique Armour Shop.
  4009 | D:4      | Reached skill level 1 in Short Blades
  4048 | D:5      | Entered Level 5 of the Dungeon
  4053 | D:5      | Found a basalt altar of Yredelemnul.
  4093 | D:5      | Reached skill level 5 in Charms
  4497 | D:4      | Reached XP level 7. HP: 35/50 MP: 5/11
  4518 | D:5      | Found a radiant altar of Vehumet.
  4616 | D:5      | Noticed Edmund
  4708 | D:5      | Found a blossoming altar of Fedhas.
  4937 | D:5      | Killed Edmund
  4937 | D:5      | Reached skill level 5 in Short Blades
  5041 | D:5      | Found a runed door.
  5047 | D:5      | Noticed Crazy Yiuf
  5055 | D:5      | Killed Crazy Yiuf
  5233 | D:6      | Reached XP level 8. HP: 57/57 MP: 7/12
  5606 | D:6      | You fall through a shaft for 2 floors!
  5607 | D:8      | Noticed a dagger
  5608 | D:8      | Noticed a dagger
  5622 | D:8      | Found a hide-covered altar of Uskayaw.
  5626 | D:8      | Became a worshipper of Uskayaw the Reveler
  5641 | D:8      | Reached * piety under Uskayaw
  5647 | D:8      | Reached ** piety under Uskayaw
  5653 | D:8      | Reached *** piety under Uskayaw
  6109 | D:7      | Reached skill level 5 in Fighting
  6109 | D:7      | Reached XP level 9. HP: 26/68 MP: 6/13
  6112 | D:7      | Reached **** piety under Uskayaw
  6543 | D:6      | Found a staircase to the Ecumenical Temple.
  6578 | D:6      | Found a shattered altar of Ashenzari.
  6579 | D:6      | Found an ancient bone altar of Kikubaaqudgha.
  6723 | D:6      | Reached skill level 10 in Short Blades
  7015 | D:6      | Reached skill level 1 in Armour
  7229 | D:7      | Reached skill level 8 in Polearms
  7413 | D:7      | Reached skill level 9 in Polearms
  7822 | D:8      | Found Oxowner's Armour Emporium.
  7901 | D:8      | Reached skill level 10 in Polearms
  7903 | D:8      | Reached ***** piety under Uskayaw
  7956 | D:8      | Found a burning altar of Makhleb.
  8239 | D:9      | Reached XP level 10. HP: 74/74 MP: 11/14
  8294 | D:9      | Found an ornate altar of the Wu Jian Council.
  8347 | D:9      | Reached skill level 11 in Polearms
  8348 | D:9      | Found a hazy altar of Hepliaklqana.
  8406 | D:9      | Noticed Pikel
  8431 | D:9      | Killed Pikel
  8431 | D:9      | Reached skill level 12 in Polearms
  8433 | D:9      | Found a sparkling altar of Nemelex Xobeh.
  8749 | D:10     | Entered Level 10 of the Dungeon
  8980 | D:10     | Reached skill level 13 in Polearms
  9023 | D:10     | Found Buoteb's Antique Weapon Shoppe.
  9092 | D:10     | Noticed a two-headed ogre
  9201 | D:9      | Killed a two-headed ogre
  9201 | D:9      | Reached skill level 14 in Polearms
  9320 | D:10     | Noticed a two-headed ogre
  9329 | D:10     | Killed a two-headed ogre
  9329 | D:10     | Reached skill level 5 in Dodging
  9371 | D:10     | Reached XP level 11. HP: 70/81 MP: 7/15
  9513 | D:10     | Noticed an orc knight
  9539 | D:10     | Killed an orc knight
  9552 | D:10     | Noticed an orc knight
  9559 | D:10     | Found a roughly hewn altar of Beogh.
 10045 | D:9      | Killed an orc knight
 10045 | D:9      | Reached skill level 5 in Invocations
 10266 | D:10     | Found a staircase to the Orcish Mines.
 10720 | D:11     | Found a staircase to the Lair.
 10951 | D:11     | Found a hide-covered altar of Uskayaw.
 11121 | D:11     | Noticed a white ugly thing
 11130 | D:11     | Killed a white ugly thing
 11343 | D:11     | You fall through a shaft!
 11352 | D:12     | Noticed a six-headed hydra
 11362 | D:12     | Killed a six-headed hydra
 11362 | D:12     | Noticed a deep elf mage
 11376 | D:12     | Killed a deep elf mage
 11843 | D:11     | Noticed a brown ugly thing
 11861 | D:11     | Killed a brown ugly thing
 12053 | D:11     | Noticed a brown ugly thing
 12059 | D:11     | Killed a cyan ugly thing
 12235 | Lair:1   | Entered Level 1 of the Lair of Beasts
 12386 | Lair:1   | Reached skill level 10 in Invocations
 12410 | Lair:1   | Reached XP level 12. HP: 24/89 MP: 14/19
 13321 | Lair:1   | Noticed a five-headed hydra
 13331 | Lair:1   | Killed a five-headed hydra
 13586 | Lair:2   | Learned a level 2 spell: Song of Slaying
 15314 | Lair:3   | Found a staircase to the Shoals.
 16064 | Lair:4   | Reached XP level 13. HP: 101/101 MP: 13/21
 16085 | Lair:4   | Found a staircase to the Snake Pit.
 16226 | Lair:4   | Reached skill level 10 in Dodging
 16872 | Lair:4   | Learned a level 3 spell: Regeneration
 18096 | Orc:1    | Entered Level 1 of the Orcish Mines
 18518 | Orc:2    | Entered Level 2 of the Orcish Mines
 19451 | Orc:2    | Found a staircase to the Elven Halls.
 19463 | Orc:2    | Noticed Azrael
 19640 | Orc:2    | Killed Azrael
 20027 | Orc:2    | Paralysed by an orc sorcerer for 7 turns
 20041 | Orc:2    | Paralysed by an orc sorcerer for 7 turns
 20046 | Orc:2    | Slain by a hellwing

Skill      XL: |  1  2  3  4  5  6  7  8  9 10 11 12 13 |
---------------+----------------------------------------+-----
Polearms       | 4 5 6 7 10 14 | 14.4
Charms         | 4 5 6 7 8 |  8.1
Spellcasting   | 3 4 |  4.0
Short Blades   | 3 5 8 10 | 10.0
Fighting       | 5 6 9 |  9.1
Armour         | 2 4 |  4.1
Dodging        | 4 5 6 9 11 | 11.4
Invocations    | 3 10 11 | 11.9

Action                   |  1- 3 |  4- 6 |  7- 9 | 10-12 | 13-15 || total
-------------------------+-------+-------+-------+-------+-------++-------
Melee: Spear             |   120 |   250 |     4 |       |       ||   374
       Rapier            |       |       |   240 |       |       ||   240
       Trident           |       |       |   118 |   690 |   364 ||  1172
 Cast: Infusion          |     6 |    19 |    24 |    25 |     4 ||    78
       Spectral Weapon   |       |     1 |     8 |    11 |     1 ||    21
       Shroud of Golubri |       |       |     1 |       |     4 ||     5
       Song of Slaying   |       |       |       |     3 |     4 ||     7
Invok: Line Pass         |       |       |       |     2 |     2 ||     4
       Grand Finale      |       |       |       |     1 |       ||     1
 Abil: Evoke Berserk Rag |       |       |       |     3 |       ||     3
Evoke: Wand              |       |       |     1 |       |       ||     1
  Use: Potion            |       |     4 |       |     1 |     1 ||     6
       Scroll            |       |     4 |     3 |     6 |     4 ||    17
 Stab: Sleeping          |     2 |     2 |     3 |     6 |       ||    13
       Paralysed         |       |       |     6 |    36 |    34 ||    76
       Distracted        |       |       |       |     2 |       ||     2
       Confused          |       |       |       |     1 |     2 ||     3
  Eat: Chunk             |     1 |     8 |     8 |    20 |     4 ||    41
       Ration            |       |     1 |     2 |     3 |     3 ||     9
Armor: Leather armour    |    19 |    19 |       |       |       ||    38
       Ring mail         |       |    35 |   145 |   141 |   122 ||   443
Dodge: Dodged            |    52 |    80 |   162 |   228 |   232 ||   754
